 Dungeon Crawl Stone Soup version 0.25-a0-58-g9dd530fc12 (webtiles) character file.

Game seed: 12948844380346499403, levelgen mode: deterministic

9144 tasslehoff345 the Spear-Bearer (level 11, -5/81 HPs)
             Began as a Demonspawn Gladiator on Oct 27, 2019.
             Was a High Priest of Okawaru.
             Slain by a two-headed ogre
             ... wielding a +0 giant club
              (7 damage)
             ... on level 10 of the Dungeon.
             The game lasted 00:30:29 (7810 turns).

tasslehoff345 the Spear-Bearer (DsGl)               Turns: 7810, Time: 00:30:29

Health: -5/81      AC: 22    Str: 18    XL:     11   Next: 19%
Magic:  15/15      EV: 10    Int: 12    God:    Okawaru [*****.]
Gold:   200        SH:  4    Dex: 14    Spells: 10/10 levels left

rFire    . . .     SeeInvis .   t - +8 spear of Trauma {venom, Int+2}
rCold    + . .     Gourm    .   C - +0 buckler
rNeg     . . .     Faith    .   X - +1 chain mail {rC+}
rPois    .         Spirit   .   (helmet restricted)
rElec    .         Reflect  .   d - +1 cloak {MR+}
rCorr    .         Harm     .   b - +1 pair of gloves
MR       +....                  H - +0 pair of boots
Stlth    ..........             (no amulet)
HPRegen  0.23/turn              (no ring)
MPRegen  0.14/turn              (no ring)

@: sanguine armour
A: antennae 2, powered by death 1, rot immunity, sanguine armour 1
a: Heroism, Finesse, Renounce Religion


You were on level 10 of the Dungeon.
You worshipped Okawaru.
Okawaru was extremely pleased with you.
You were very hungry.

You visited 3 branches of the dungeon, and saw 12 of its levels.

You collected 645 gold pieces.
You spent 445 gold pieces at shops.

Inventory:

Hand Weapons
 a - a +0 trident
 r - a +2 spear of venom
 t - the +8 spear of Trauma (weapon) {venom, Int+2}
   (Okawaru gifted it to you on level 10 of the Dungeon)

   It poisons the flesh of those it strikes.
   It affects your intelligence (+2).
 W - the +12 glaive of Prune {chop}
   (You found it on level 10 of the Dungeon)

   It inflicts extra damage upon your enemies.
Missiles
 p - 27 poisoned darts (quivered)
 z - 7 javelins
Armour
 b - a +1 pair of gloves (worn)
 d - a +1 cloak of magic resistance (worn)
 C - a +0 buckler (worn)
 H - a +0 pair of boots (worn)
 X - a +1 chain mail of cold resistance (worn)
Jewellery
 s - a cursed ring of attention {unknown}
 F - a +4 amulet of reflection {unknown}
 P - an uncursed ring of flight {unknown}
 V - a +3 ring of dexterity {unknown}
Wands
 D - a wand of acid (16)
 G - a wand of digging (7)
 N - a wand of iceblast (11)
 Z - a wand of polymorph (6)
Scrolls
 h - 3 scrolls of identify
 k - 2 scrolls of magic mapping {unknown}
 l - 7 scrolls of remove curse {unknown}
 m - 8 scrolls of teleportation
 n - 6 scrolls of amnesia
 o - 2 scrolls of immolation
 q - a scroll of fog {unknown}
 u - 2 scrolls of fear {unknown}
 v - 2 scrolls of random uselessness {unknown}
 J - 2 scrolls of enchant weapon {unknown}
 O - a scroll of vulnerability {unknown}
 Q - a scroll of noise {unknown}
 R - a scroll of blinking
 S - a scroll of enchant armour {unknown}
Potions
 e - 4 potions of haste {unknown}
 g - 2 potions of flight {unknown}
 i - a potion of agility {unknown}
 j - 6 potions of brilliance {unknown}
 w - 3 potions of mutation {unknown}
 x - 7 potions of curing
 A - 3 potions of lignification {unknown}
 B - a potion of resistance {unknown}
 I - a potion of berserk rage {unknown}
 L - a potion of might {unknown}
Miscellaneous
 c - a phantom mirror
 T - a lamp of fire
 U - a phial of floods
Comestibles
 f - 18 rations


   Skills:
 + Level 6.1 Fighting
 * Level 9.9 Polearms
 + Level 5.2 Throwing
 + Level 5.5 Armour
 + Level 5.8 Dodging
 - Level 2.1 Shields
 + Level 4.7 Invocations
 + Level 6.6 Evocations


You had 10 spell levels left.
You didn't know any spells.
Your spell library contained the following spells:

 Spells                   Type           Power        Failure   Level  Hunger
 Animate Skeleton         Necr           N/A          99%         1    ##.....
 Apportation              Tloc           #.....       99%         1    ##.....
 Confusing Touch          Hex            #.....       99%         1    ##.....
 Corona                   Hex            #......      99%         1    ##.....
 Shock                    Conj/Air       #...         99%         1    ##.....
 Summon Small Mammal      Summ           #...         99%         1    ##.....
 Ensorcelled Hibernation  Hex/Ice        #.....       100%        2    ###....
 Swiftness                Chrm/Air       #.......     100%        2    ###....
 Confuse                  Hex            #.......     100%        3    ####...
 Dazzling Spray           Conj/Hex       #.....       100%        3    ####...
 Static Discharge         Conj/Air       #.......     100%        3    ####...
 Tukima's Dance           Hex            #.......     100%        3    ####...
 Airstrike                Air            #.........   100%        4    #####..
 Lightning Bolt           Conj/Air       #.........   100%        5    ######.


Dungeon Overview and Level Annotations

Branches:
Dungeon (10/15)            Temple (1/1) D:6            Lair (0/6) D:9
    Orc (1/2) D:10

Altars:
Ashenzari
Elyvilon
Hepliaklqana
Kikubaaqudgha
Makhleb
Nemelex Xobeh
Okawaru
Qazlal
Ru
Sif Muna
Trog
Uskayaw
Vehumet
Wu Jian
Xom
Yredelemnul
Zin

Shops:
D:6 [}   D:8 ![??

Annotations:
Orc:1 Erolcha


Innate Abilities, Weirdness & Mutations

You have a pair of antennae on your head.
You regenerate a little health from kills.
You are immune to rotting.
When seriously injured, your bleeding wounds create armour. (AC +6)


Message History

The orc hits you but does no damage.
The two-headed ogre hits you with a +0 giant spiked club.
The two-headed ogre hits you with a +0 dire flail!
Your blood congeals into armour.
The two-headed ogre hits you with a +0 giant club!
The two-headed ogre completely misses you.
There is a staircase back to the Dungeon, spattered with blood here.
You block the orc's attack.
The two-headed ogre hits you with a +0 giant spiked club!
* * * LOW HITPOINT WARNING * * *
The two-headed ogre hits you but does no damage.
The two-headed ogre hits you with a +0 giant club!
* * * LOW HITPOINT WARNING * * *
The two-headed ogre closely misses you.
You climb upwards.
Welcome back to the Dungeon!
There is a staircase to the Orcish Mines here.
The two-headed ogre barely misses you. x2
The two-headed ogre closely misses you.
The two-headed ogre hits you with a +0 giant club!
You die...

###'###..)#######..)#.[.........#
#.....#...#.........######......#
###.###...#....)....#....########
'.....#...#..............#
###.###...#..............+
#)...(#.###..............#
#######...##.........##'##
.........................#
................@........+
).<...#.......[OoO.......#
......#...)..............#
......#...#...................
......#...#...................
......#...#..............#....
......#...#............... ...
......#...#................ ..
......#...#.........#....... .


You could see 2 two-headed ogres and an orc.

Vanquished Creatures
  An orc warlord (D:10)
  A two-headed ogre (D:9)
  An unseen horror (D:10)
  A centaur zombie (D:9)
  2 trolls (Orc:1)
  A hornet (D:10)
  A slime creature (D:10)
  A hippogriff (D:10)
  A vampire (D:10)
  A wyvern (D:8)
  A hungry ghost (D:10)
  Eustachio (D:6)
  A steam dragon (D:8)
  A vampire mosquito (D:10)
  A warg (D:10)
  3 orc warriors
  2 ice beasts
  4 sky beasts
  4 phantoms
  2 centaurs
  A necrophage (D:9)
  6 ogres
  A crocodile (D:7)
  2 big kobolds (D:10)
  4 bullfrogs
  A scorpion (D:10)
  2 water moccasin skeletons (D:10)
  A killer bee (D:10)
  9 wights
  5 howler monkeys
  4 crimson imps
  A bullfrog skeleton (D:10)
  2 jellies (D:10)
  3 orc wizards
  4 hounds
  2 centaur skeletons
  8 orc priests
  3 iguanas
  Ijyb (D:5)
  3 worker ants
  A hound zombie (D:5)
  2 hound skeletons
  2 worker ant zombies
  4 gnolls (D:6)
  5 adders
  2 adder zombies
  An ooze (D:2)
  4 adder skeletons
  2 worms
  4 dart slugs
  7 leopard geckos
  31 orcs
  4 giant cockroaches
  4 hobgoblins
  15 jackals
  9 kobolds
  3 quokkas
  A ball python (D:2)
  8 bats
  5 frilled lizards
  5 goblins
  7 rats
220 creatures vanquished.

Vanquished Creatures (others)
  A quokka (D:8)
1 creature vanquished.

Grand Total: 221 creatures vanquished

Notes
Turn   | Place    | Note
-------+----------+-------------------------------------------
     0 | D:1      | tasslehoff345 the Demonspawn Gladiator began the quest for
                  | the Orb.
     0 | D:1      | Reached XP level 1. HP: 16/16 MP: 1/1
    62 | D:1      | Reached skill level 3 in Polearms
   332 | D:1      | Gained mutation: You are immune to rotting. [demonic
                  | ancestry]
   332 | D:1      | Reached XP level 2. HP: 16/22 MP: 2/2
   573 | D:1      | Reached XP level 3. HP: 22/27 MP: 3/3
   838 | D:2      | Found a shimmering blue altar of Sif Muna.
   891 | D:2      | Reached XP level 4. HP: 15/34 MP: 4/4
   967 | D:2      | Reached skill level 1 in Armour
  1446 | D:3      | Reached skill level 4 in Polearms
  1914 | D:4      | Reached XP level 5. HP: 39/39 MP: 5/5
  2235 | D:5      | Entered Level 5 of the Dungeon
  2320 | D:5      | Gained mutation: You have a pair of small antennae on your
                  | head. [demonic ancestry]
  2320 | D:5      | Reached XP level 6. HP: 42/46 MP: 6/6
  2794 | D:5      | Reached skill level 5 in Polearms
  2794 | D:5      | Reached skill level 1 in Evocations
  2817 | D:5      | Noticed Ijyb
  2826 | D:5      | Killed Ijyb
  3217 | D:6      | Noticed an ice beast
  3218 | D:6      | Gained mutation: When seriously injured, your bleeding
                  | wounds create armour. (AC +6) [demonic ancestry]
  3218 | D:6      | Reached XP level 7. HP: 50/52 MP: 6/8
  3348 | D:6      | Reached skill level 6 in Polearms
  3373 | D:6      | Gained mutation: You regenerate a little health from kills.
                  | [demonic ancestry]
  3373 | D:6      | Reached XP level 8. HP: 40/60 MP: 8/10
  3407 | D:6      | Found Wuown's Antique Armour Shoppe.
  3415 | D:6      | Bought a glowing cloak for 217 gold pieces
  3565 | D:6      | Found a staircase to the Ecumenical Temple.
  3576 | Temple   | Entered the Ecumenical Temple
  3590 | Temple   | Became a worshipper of Warmaster Okawaru
  3623 | D:6      | Found Rekeppat's Gadget Emporium.
  3691 | D:6      | Noticed Eustachio
  3706 | D:6      | Killed Eustachio
  4200 | D:7      | Reached skill level 1 in Shields
  4319 | D:7      | Found the +3 robe of Folly {Archmagi, MR-- Int+5}
  4321 | D:7      | Found an ornate altar of the Wu Jian Council.
  4576 | D:8      | Reached * piety under Okawaru
  4576 | D:8      | Reached skill level 7 in Polearms
  4680 | D:8      | Gained mutation: You have a pair of antennae on your head.
                  | [demonic ancestry]
  4680 | D:8      | Reached XP level 9. HP: 45/65 MP: 10/12
  4736 | D:8      | Found Miurr's Magic Scroll Shop.
  4772 | D:8      | Found Fekyeciu's Armour Boutique.
  4775 | D:8      | Bought a scroll of teleportation for 39 gold pieces
  4775 | D:8      | Bought a scroll of blinking for 97 gold pieces
  4775 | D:8      | Bought a scroll of teleportation for 39 gold pieces
  4818 | D:8      | Reached ** piety under Okawaru
  4970 | D:8      | Found Nuwipp's Magic Scroll Emporium.
  4975 | D:8      | Bought a scroll of teleportation for 42 gold pieces
  5068 | D:8      | Reached skill level 8 in Polearms
  5191 | D:8      | Found Pesis's Distillery.
  5197 | D:8      | Bought a potion of degeneration for 11 gold pieces
  5323 | D:9      | Reached skill level 5 in Evocations
  5393 | D:9      | Found a staircase to the Lair.
  5550 | D:9      | Noticed a two-headed ogre
  5582 | D:9      | Killed a two-headed ogre
  5582 | D:9      | Reached *** piety under Okawaru
  5582 | D:9      | Reached skill level 5 in Fighting
  5582 | D:9      | Reached skill level 1 in Invocations
  5582 | D:9      | Reached XP level 10. HP: 74/74 MP: 14/14
  6087 | D:10     | Entered Level 10 of the Dungeon
  6137 | D:10     | Reached skill level 5 in Dodging
  6573 | D:10     | Reached skill level 9 in Polearms
  6659 | D:10     | Found a sacrificial altar of Ru.
  6659 | D:10     | Found a stormy altar of Qazlal.
  6660 | D:10     | Found a sacrificial altar of Ru.
  6660 | D:10     | Found a shattered altar of Ashenzari.
  6714 | D:10     | Found a staircase to the Orcish Mines.
  6729 | D:10     | Reached **** piety under Okawaru
  6859 | D:10     | Found the +12 glaive of Prune {chop}
  6895 | D:10     | Reached skill level 5 in Armour
  6974 | D:10     | Found a basalt altar of Yredelemnul.
  7072 | D:10     | Killed an unseen horror
  7072 | D:10     | Reached ***** piety under Okawaru
  7072 | D:10     | Received a gift from Okawaru
  7082 | D:10     | Got a jewelled spear {god gift}
  7083 | D:10     | Identified the +8 spear of Trauma {venom, Int+2} (Okawaru
                  | gifted it to you on level 10 of the Dungeon)
  7266 | Orc:1    | Entered Level 1 of the Orcish Mines
  7323 | Orc:1    | Reached skill level 5 in Throwing
  7372 | Orc:1    | Noticed an orc warlord
  7373 | Orc:1    | Noticed Erolcha
  7375 | Orc:1    | Reached XP level 11. HP: 43/81 MP: 15/15
  7376 | Orc:1    | Noticed a two-headed ogre
  7379 | Orc:1    | Noticed a two-headed ogre
  7663 | D:10     | Killed an orc warlord
  7808 | Orc:1    | HP: 2/81 [two-headed ogre/+0 giant club (16)]
  7810 | D:10     | Slain by a two-headed ogre

Levels and vault maps discovered:
D:1:      lemuel_arrival_cross, layout_rooms, minmay_bisected
D:2:      layout_rooms, lemuel_crystal_altar, first_ration
D:3:      layout_basic, feat_on_display
D:4:      layout_rooms
D:5:      layout_loops_corners, uniq_ijyb
D:6:      layout_basic, minmay_temple_entry_sparse_star, serial_shops, shop,
          shop, mrwooster_statue_mirror, amethyst_killhole, uniq_eustachio
D:7:      layout_loops_cross, basic_altar
D:8:      layout_rooms, serial_shops, nicolae_shop_stone,
          nicolae_shop_temple_entry_statues_fountains, shop, shop
D:9:      layout_basic, lair_entry_dummy
D:10:     minmay_the_grid_octo_tiled_squarecenter [minmay_the_grid_octo_shrine,
          minmay_the_grid_octo_concentric, minmay_the_grid_octo_toaster,
          minmay_the_grid_octo_vomiting_pacman,
          minmay_the_grid_square_5x5_megaprize_crossed,
          minmay_the_grid_square_5x5_two_walls_b,
          minmay_the_grid_square_5x5_tie, minmay_the_grid_square_5x5_z,
          minmay_the_grid_square_5x5_six_small], layout_grid_maze, david_orc_3
Temple:   grunt_wide_crystal_templ
Orc:1:    layout_diamond_mine, uniq_erolcha, uniq_sonja

Skill      XL: |  1  2  3  4  5  6  7  8  9 10 11 |
---------------+----------------------------------+-----
Polearms       | 3 4 5 6 7 8 9 |  9.9
Dodging        | 3 4 5 |  5.8
Armour         | 1 2 3 4 5 |  5.5
Throwing       | 2 3 4 5 |  5.2
Fighting       | 3 4 5 6 |  6.1
Evocations     | 1 2 4 5 6 |  6.6
Shields        | 1 2 |  2.1
Invocations    | 1 4 |  4.7

Action                   |  1- 3 |  4- 6 |  7- 9 | 10-12 || total
-------------------------+-------+-------+-------+-------++-------
Melee: Trident           |   126 |       |       |       ||   126
       Spear             |     7 |   165 |   476 |   386 ||  1034
Throw: Dart              |     1 |    30 |    24 |    10 ||    65
       Throwing net      |       |     2 |     1 |       ||     3
       Javelin           |       |       |       |     4 ||     4
Invok: Finesse           |       |       |       |     1 ||     1
  Use: Scroll            |     3 |       |     1 |     1 ||     5
       Potion            |       |       |       |     1 ||     1
 Stab: Held in net/web   |       |     2 |       |       ||     2
  Eat: Chunk             |       |     6 |    10 |     4 ||    20
       Ration            |       |       |       |     1 ||     1
Armor: Leather armour    |    49 |    13 |       |       ||    62
       Ring mail         |       |    20 |   106 |    65 ||   191
       Chain mail        |       |       |       |    51 ||    51
Dodge: Dodged            |   116 |    64 |   198 |   139 ||   517
Block: Buckler           |       |     5 |    56 |    52 ||   113

Table legend:
 A = Non-vault XP
 B = Vault XP
 C = Vault XP percentage of total XP
 D = Non-vault monster count
 E = Vault monster count
 F = Vault count percentage of total count
                 A         B        C        D         E       F
            +---------+---------+-------+---------+---------+-------
      Total |   10014 |    3050 |  23.3 |     191 |      29 |  13.2
            +---------+---------+-------+---------+---------+-------
        D:1 |      48 |       2 |   4.0 |      26 |       1 |   3.7
        D:2 |      86 |       0 |   0.0 |      30 |       0 |   0.0
        D:3 |      20 |       0 |   0.0 |       9 |       0 |   0.0
        D:4 |     161 |       0 |   0.0 |       7 |       0 |   0.0
        D:5 |     350 |      36 |   9.3 |      15 |       1 |   6.2
        D:6 |     811 |     188 |  18.8 |      20 |       1 |   4.8
        D:7 |     465 |       0 |   0.0 |      16 |       0 |   0.0
        D:8 |    1728 |       0 |   0.0 |      26 |       0 |   0.0
        D:9 |    2175 |       0 |   0.0 |      12 |       0 |   0.0
       D:10 |    3107 |    2824 |  47.6 |      21 |      26 |  55.3
     Temple |      37 |       0 |   0.0 |       1 |       0 |   0.0
      Orc:1 |    1026 |       0 |   0.0 |       8 |       0 |   0.0
            +---------+---------+-------+---------+---------+-------
